Map: Astillero orbital

Players

xXkazperXx - Winner!

  • Race: Zerg Zerg

eros

  • Race: Terran Terran
  • League: Bronze

VOD

Have the link to the VOD?

Description

Time

  • Played on: March 12, 2016, 7:45 p.m.
  • Length: 25:24
Show
View Real Time Build Order
Export as new Build Order

xXkazperXx Zerg - Winner!

Build Orders: Pool First, Muta Ling Bane 

Get SALT Encoding   

  12  0:02  Drone  
  13  0:10  Drone  
  14  0:18  Overlord  
  14  0:38  Spawning Pool, Drone  
  14  0:51  Drone x3  
  17  0:57  Extractor  
  16  1:13  Overlord  
  16  1:20  Drone  
  17  1:26  Zergling x2  
  18  1:35  Drone  
  18  1:36  Queen  
  21  1:41  Extractor  
  21  2:01  Drone x2  
  22  2:10  Drone  
  23  2:20  Roach Warren  
  23  2:21  Drone  
  23  2:29  Zergling x2  
  24  3:07  Roach x3  
  30  3:24  Lair  
  30  3:33  Overlord  
  30  3:50  Overlord  
  30  3:57  Zergling x10  
  35  4:03  Spine Crawler  
  35  4:06  Spore Crawler  
  33  4:22  Baneling Nest  
  32  4:27  Hydralisk Den, Drone x5  
  36  4:34  Ravager  
  36  4:35  Ravager x2  
  36  4:37  Overlord  
  39  4:47  Burrow  
  41  4:53  Roach x2  
  43  5:01  Hydralisk  
  43  5:03  Lurker Den  
  45  5:23  Drone x3  
  45  5:24  Hatchery  
  47  5:30  Overlord  
  47  5:56  Spire  
  46  5:58  Pneumatized Carapace  
  46  6:02  Infestation Pit  
  46  6:03  Drone  
  46  6:04  Drone x2  
  48  6:05  Hydralisk  
  48  6:10  Roach x2  
  48  6:15  Extractor  
  48  6:16  Drone  
  48  6:39  Drone  
  49  6:46  Drone x2  
  51  6:48  Hydralisk  
  51  6:51  Muscular Augments  
  51  6:53  Lurker  
  54  7:08  Corruptor  
  54  7:10  Overlord x2  
  56  7:25  Extractor, Drone x6  
  61  7:32  Centrifical Hooks  
  61  7:48  Lurker  
  61  7:51  Drone x6  
  68  8:06  Infestor  
  70  8:14  Metabolic Boost  
  70  8:33  Overseer  
  70  8:40  Roach x2  
  74  8:42  Roach x2  
  74  8:43  Roach, Queen  
  82  9:00  Drone x2  
  84  9:08  Spore Crawler  
  83  9:14  Spine Crawler  
  82  9:26  Mutalisk  
  82  9:30  Overlord x3  
  84  9:51  Mutalisk x4  
  92  9:58  Hydralisk x3  
  98  10:04  Drone x3  
  98  10:05  Overlord  
  98  10:06  Overlord x2  
  101  10:23  Neural Parasite  
  101  10:28  Tunneling Claws  
  101  10:43  Hive  
  101  10:56  Hatchery  
  100  11:06  Evolution Chamber  
  100  11:11  Drone x6  
  105  11:20  Overseer  
  105  11:28  Overlord x3  
  105  11:29  Overlord x2  
  105  11:36  Zerg Ground Armor Level 1  
  105  11:43  Drone  
  105  11:44  Drone  
  105  11:46  Pathogen Glands  
  107  12:07  Greater Spire  
  107  12:09  Viper x2  
  107  12:13  Drone  
  114  12:16  Drone  
  114  12:19  Extractor  
  114  12:21  Drone x3  
  117  12:26  Extractor, Drone  
  117  12:27  Queen  
  119  12:36  Spore Crawler  
  118  12:38  Drone  
  119  12:50  Spine Crawler  
  118  12:51  Roach x7  
  118  12:52  Drone x2  
  118  12:58  Drone x3  
  123  13:36  Mutalisk x3  
  123  13:39  Mutalisk x3  
  135  13:41  Corruptor x3  
  135  13:45  Zerg Flyer Weapons Level 1  
  141  13:48  Zerg Ground Armor Level 2  
  141  13:56  Evolution Chamber  
  141  13:59  Adrenal Glands  
  140  14:28  Spore Crawler  
  139  15:04  Corruptor x2  
  139  15:05  Corruptor x3  
  149  15:07  Mutalisk x2  
  149  15:08  Mutalisk  
  149  15:09  Hydralisk  
  149  15:12  Overlord x2  
  157  15:43  Brood Lord x2  
  161  16:05  Zergling x2  
  161  16:06  Zergling x2  
  161  16:07  Zergling x4  
  165  16:13  Zerg Ground Armor Level 3  
  165  16:15  Zerg Missile Weapons Level 1  
  161  17:00  Corruptor  
  161  17:01  Corruptor x2  
  163  17:04  Hydralisk x3  
  163  17:06  Overlord  
  163  17:08  Mutalisk  
  173  17:09  Hatchery  
  174  17:17  Roach x7  
  174  17:40  Extractor  
  142  19:12  Lurker x3  
  140  19:23  Lurker  
  141  19:33  Brood Lord x3  
  147  20:07  Drone x3  
  150  20:36  Zergling x12  
  150  20:40  Mutalisk x6  
  150  20:42  Hydralisk x6  
  172  20:45  Drone x2  
  172  20:46  Drone  
  183  21:04  Hatchery  
  182  22:07  Baneling x4  
  182  22:08  Baneling x8  
  182  22:42  Corruptor x3  
  182  24:10  Viper x2  
  182  24:11  Viper  
  182  24:14  Hatchery  
  182  24:16  Ultralisk Cavern  
  189  24:29  Drone x3  
  192  24:33  Extractor  
  191  25:11  Hatchery  
  191  25:12  Hatchery  
  191  25:13  Hatchery  
  188  25:18  Hatchery  
Show
View Real Time Build Order
Export as new Build Order

eros Terran 

Build Orders:  

Get SALT Encoding   

  12  0:01  SCV  
  13  0:22  Supply Depot, SCV  
  14  0:34  SCV  
  15  0:37  Refinery  
  15  0:46  SCV  
  15  0:48  Barracks  
  16  0:56  Supply Depot  
  16  1:19  SCV  
  17  1:31  SCV  
  18  1:37  Supply Depot  
  18  1:41  Reaper  
  19  1:56  Barracks  
  19  2:02  Engineering Bay  
  19  2:21  Marine  
  20  2:29  Engineering Bay  
  20  2:32  SCV  
  20  2:34  Terran Infantry Weapons Level 1  
  21  2:39  Marine  
  22  2:44  Barracks  
  22  2:57  Marine  
  23  3:05  Marine, Factory  
  24  3:14  Marine  
  25  3:23  Marine  
  25  3:24  Refinery  
  26  3:32  Barracks Reactor  
  26  3:53  Ghost Academy  
  26  3:56  SCV  
  27  4:05  Starport  
  27  4:08  Marine x2, SCV  
  30  4:18  Factory Reactor  
  30  4:23  Marine x2  
  32  5:00  Personal Cloaking  
  32  5:06  Marine x2, Command Center  
  34  5:11  Supply Depot  
  34  5:12  Barracks Tech Lab  
  34  5:25  Factory Tech Lab  
  34  5:42  Marine x2  
  34  5:44  Marauder  
  38  6:04  Medivac  
  38  6:05  Ghost, Medivac  
  44  6:15  Supply Depot, Siege Tank  
  47  6:25  SCV  
  48  6:34  Terran Infantry Armor Level 1  
  48  6:37  SCV  
  49  6:49  SCV  
  50  7:23  Marine x2  
  50  7:24  Marauder  
  54  7:37  Medivac  
  56  7:46  Marauder  
  58  7:55  Siege Tank  
  61  7:59  Marine x2  
  63  8:06  Ghost  
  65  8:16  Marine x2  
  67  8:21  Supply Depot, SCV  
  67  8:23  Orbital Command  
  68  8:33  SCV  
  69  8:45  SCV  
  68  8:52  Marine x4  
  72  9:01  Medivac x2  
  76  9:09  Supply Depot  
  76  9:11  Orbital Command  
  76  9:12  Siege Tank  
  79  9:39  Marine, Supply Depot  
  79  9:40  Marine  
  79  9:41  Marauder  
  83  9:46  Command Center  
  83  10:02  Marauder  
  85  10:23  Marauder  
  85  10:24  Marine x3  
  85  10:26  Bunker  
  90  10:45  Marauder  
  90  10:48  Refinery  
  92  10:50  Medivac  
  92  10:51  Medivac  
  96  11:03  Liberator x2  
  96  11:09  Siege Tank  
  105  11:51  SCV  
  106  11:57  Supply Depot  
  106  12:03  SCV  
  107  12:15  SCV  
  108  12:23  Nuke  
  108  12:32  Marine x2  
  108  12:33  Marauder  
  112  12:37  Supply Depot  
  112  12:54  Marauder  
  114  13:01  Command Center  
  114  13:03  Siege Tank  
  117  13:16  Marauder  
  117  13:35  Stimpack  
  117  13:48  Marine x3  
  117  13:49  Marauder  
  122  14:02  Supply Depot  
  122  14:11  Marauder  
  124  14:20  Planetary Fortress  
  124  14:32  Marauder  
  124  14:34  Marine x3, Command Center  
  129  14:54  Marine x3  
  129  14:55  Marine  
  133  15:12  Marine  
  134  15:42  Command Center  
  134  15:48  Planetary Fortress  
  49  16:40  Barracks  
  49  16:48  Marine x2  
  49  16:49  Marine x2  
  51  17:05  Supply Depot  
  51  17:06  Marine x3  
  51  17:07  Marine  
  55  17:11  Medivac x2  
  59  17:24  Marine x4  
  63  17:41  Marine, Medivac x2  
  63  17:42  Marine x3  
  71  17:59  Marine x2  
  71  18:00  Marine x2  
  75  18:11  Medivac x2  
  79  18:17  Marine x2  
  79  18:18  Marine x2  
  74  18:36  Marauder  
  74  18:41  Medivac x2  
  36  18:58  Marauder  
  16  19:45  Barracks  
  12  20:13  Command Center  
  12  20:19  Supply Depot  
  12  20:33  Marine  
  12  20:34  Barracks  
  13  20:51  Marine  
  4  21:16  Barracks  
  2  21:40  SCV  
  3  21:52  SCV  
    22:30  Widow Mine  
Tags
 
Composition
Muta Ling Bane
League
Bronze
Matchup
TvZ
Opening
Pool First
Replay Pack
replays pack
Add a new tag
Caveats
  • Supply blocks, unpowered buildings, or Contaminate may cause inaccurate times.
  • Supply counts are checked every 10 seconds.